 Dungeon Crawl Stone Soup version 0.25.0-9-g26727b657a (webtiles) character file.

Game seed: 6339618391962501567

30326 Flugkiller the Cleaver (level 13, -9/121 HPs)
             Began as a Deep Dwarf Fighter on June 20, 2020.
             Was a High Priest of Makhleb.
             Mangled by a death yak (22 damage)
             ... on level 6 of the Lair of Beasts.
             The game lasted 00:08:48 (9943 turns).

Flugkiller the Cleaver (Deep Dwarf Fighter)         Turns: 9943, Time: 00:08:48

Health: -9/121     AC: 19    Str: 27    XL:     13   Next: 20%
Magic:  4/4        EV:  5    Int:  9    God:    Makhleb [*****.]
Gold:   1001       SH: 24    Dex: 14    Spells: 12/12 levels left

rFire    + . .     SeeInvis +   a - +1 war axe (chaos)
rCold    + . .     Gourm    .   G - +0 tower shield {rC+ rF+}
rNeg     . . .     Faith    .   v - +0 plate armour
rPois    .         Spirit   .   z - +0 helmet
rElec    .         Reflect  +   (no cloak)
rCorr    .         Harm     .   (no gloves)
MR       ++...     Clarity  +   p - +2 pair of boots {Fly}
Stlth    ..........             j - amulet of reflection
HPRegen  0.00/turn              m - ring of protection from magic
MPRegen  0.09/turn              i - ring of see invisible

@: flying, non-regenerating
A: damage resistance, heal wounds, talons 1, agile 1, clarity, sense
surroundings 2, strong 1, no regeneration
a: Heal Wounds, Minor Destruction, Lesser Servant of Makhleb, Major Destruction,
Greater Servant of Makhleb, Renounce Religion, Stop Flying


You were on level 6 of the Lair of Beasts.
You worshipped Makhleb.
Makhleb was extremely pleased with you.
You were hungry.

You visited 3 branches of the dungeon, and saw 16 of its levels.
You also visited: Bailey and Gauntlet.

You collected 1001 gold pieces.

Inventory:

Hand Weapons
 a - a +1 war axe of chaos (weapon)
 y - a +0 broad axe
   (You found it on level 5 of the Lair of Beasts)
Missiles
 b - 2 throwing nets (quivered)
Armour
 c - a +0 kite shield
 p - a +2 pair of boots of flying (worn)
   (You found it on level 5 of the Dungeon)
 v - a +0 plate armour (worn)
   (You took it off an orc warrior on level 8 of the Dungeon)
 z - a +0 helmet (worn)
   (You found it on level 8 of the Dungeon)
 G - a +0 tower shield of resistance (worn)
   (You found it on level 4 of the Lair of Beasts)
Jewellery
 i - a ring of see invisible (right hand)
   (You found it on level 4 of the Dungeon)
 j - an amulet of reflection (around neck)
   (You found it on level 6 of the Dungeon)
 k - an uncursed ring of resist corrosion
   (You found it on level 5 of the Dungeon)
 m - a ring of protection from magic (left hand)
   (You found it on level 7 of the Dungeon)
Wands
 f - a wand of iceblast (21)
   (You found it on level 1 of the Lair of Beasts)
 g - a wand of clouds (2)
   (You found it on level 5 of the Dungeon)
 s - a wand of paralysis (9)
   (You found it on level 8 of the Dungeon)
 B - a wand of acid (25)
   (You found it in a Gauntlet)
Scrolls
 q - a scroll of fog
 r - 3 scrolls of identify
 t - 4 scrolls of teleportation
 u - a scroll of enchant weapon
 x - 5 scrolls of remove curse
 E - 2 scrolls of enchant armour
 I - a scroll of summoning
Potions
 d - 4 potions of might
 h - 6 potions of haste
 l - 4 potions of brilliance
 n - a potion of resistance
 o - 3 potions of cancellation
 w - a potion of mutation
 A - 2 potions of magic
 C - a potion of lignification
 D - a potion of invisibility
Comestibles
 e - 31 rations
 F - 5 chunks of flesh


   Skills:
 + Level 9.0 Fighting
 * Level 14.0 Axes
 + Level 10.6 Armour
 + Level 10.7 Shields
 + Level 10.7 Invocations
 - Level 6.0 Evocations


You had 12 spell levels left.
You didn't know any spells.
Your spell library was empty.

Dungeon Overview and Level Annotations

Branches:
Dungeon (9/15)             Temple (1/1) D:6            Lair (6/6) D:8
  Swamp (0/4) Lair:4        Snake (0/4) Lair:3        Slime (0/5) Lair:5
 Bailey (visited)         Gauntlet (visited)
    Orc: D:9-12

Altars:
Ashenzari
Dithmenos
Gozag
Hepliaklqana
Kikubaaqudgha
Makhleb
Nemelex Xobeh
Okawaru
Qazlal
Ru
Sif Muna
Trog
Uskayaw
Vehumet
Wu Jian
Xom
Yredelemnul
Zin
The Shining One

Annotations:
D:7 3 runed translucent doors, TrebMcFLY's ghost, novice VSAs
Lair:6 exclusion: oklob plant


Innate Abilities, Weirdness & Mutations

You are resistant to damage.
You can heal yourself by infusing magical energy.
You passively map the area around you.
You do not regenerate.
You have sharp toenails.
You are agile. (Dex +2)
You possess an exceptional clarity of mind.
Your muscles are strong. (Str +2)


Message History

The death yak rages.
You block the death yak's attack.
Your magical essence is drained by the effort!
You feel much better. You block the death yak's attack.
The death yak gores you but does no damage.
You block the death yak's attack.
The death yak stops moving altogether!
You block the death yak's attack.
The death yak looks more healthy.
The death yak gores you but does no damage.
You hit the death yak but do no damage.
The death yak is severely wounded.
Your shield and plate armour prevent you from hitting the death yak.
The death yak barely misses you. You block the death yak's attack.
The death yak gores you!!
You are too injured to fight recklessly!
The death yak is no longer petrified.
The death yak gores you!!!
* * * LOW HITPOINT WARNING * * *
You block the death yak's attack. The death yak gores you!!
You die...

#...# ##...## ...##
##.#.## ...# #..#.# P.÷##
#...## .P..## ##...#
P....### ###### ##.##
.......## ###....## ###
P..P..P.####....PY.##
.......÷....P.÷.@Y..###
......P.÷##...P...÷..P##
.P.....########.P...Y.P##
#.÷..P## #####.....#
##....# ###Y..## #...## *
, ,,8 ,#.††.# ,#...# *, ,
, ##...# *##.. , , 8
,#...# * , ##..#


You could see 4 death yaks.

Vanquished Creatures
  A ghost moth (Lair:4)
  A minotaur (Gauntlet)
  An ice dragon (Lair:3)
  A catoblepas (Lair:6)
  Erica (Lair:2)
  2 death yaks (Lair:6)
  A thrashing horror (Gauntlet)
  Urug (Lair:3)
  A fire crab (Gauntlet)
  A swamp dragon (Lair:5)
  A lindwurm (shapeshifter) (Lair:4)
  3 elephants (Lair:6)
  2 black mambas
  Joseph (Lair:1)
  8 spiny frogs
  A rime drake (Lair:2)
  3 komodo dragons
  2 polar bears
  A meliai (shapeshifter) (Lair:4)
  3 blink frogs (Lair:4)
  2 bog bodies (Lair:4)
  5 dream sheep (Lair:6)
  4 hippogriffs
  4 shadows (Gauntlet)
  3 fire bats (Gauntlet)
  5 yaks (Lair:1)
  A steam dragon (D:7)
  A vampire mosquito (Lair:5)
  3 swamp worms (Lair:5)
  A warg (shapeshifter) (Lair:5)
  6 porcupines
  10 water moccasins
  A swamp drake (Lair:5)
  3 orc warriors
  5 ice beasts
  A phantom (D:4)
  4 black bears
  3 sky beasts
  A tengu (Lair:4)
  19 wolves
  2 centaurs (D:7)
  2 ogres
  9 crocodiles
  A big kobold (D:8)
  8 bullfrogs
  4 scorpions
  25 killer bees
  3 wights (D:7)
  2 electric eels
  6 crimson imps
  8 howler monkeys
  A bullfrog zombie (D:6)
  A quasit (D:8)
  7 hounds
  3 jellies
  3 orc priests
  A centaur skeleton (D:7)
  2 hell rats (Lair:1)
  8 orc wizards
  6 worker ants
  4 small abominations (Gauntlet)
  A hound zombie (D:9)
  A hound skeleton (D:7)
  A worker ant zombie (D:5)
  8 gnolls
  6 adders
  6 river rats (Lair:1)
  2 shadow imps
  An ooze (D:5)
  An adder skeleton (D:8)
  2 worms (D:4)
  A dart slug (D:2)
  2 leopard geckos
  22 orcs
  3 giant cockroaches
  7 goblins
  6 hobgoblins
  4 jackals (D:4)
  3 frilled lizards
  A jackal zombie (D:6)
  13 kobolds
  A quokka zombie (D:6)
  6 rats
  A bush (Lair:5)
  A demonic plant (Gauntlet)
  2 fungi
  4 plants
330 creatures vanquished.

Vanquished Creatures (collateral kills)
  A hydra (Lair:5)
  2 alligators (Lair:5)
  A slime creature (Lair:5)
  2 swamp worms (Lair:5)
  2 bullfrogs
  2 killer bees (Lair:3)
10 creatures vanquished.

Vanquished Creatures (others)
  A queen bee (Lair:3)
  16 demonic plants (Gauntlet)
  12 fungi
  5 plants
  4 withered plants (Gauntlet)
38 creatures vanquished.

Grand Total: 378 creatures vanquished

Notes
Turn   | Place    | Note
-------+----------+-------------------------------------------
     0 | D:1      | Flugkiller the Deep Dwarf Fighter began the quest for the
                  | Orb.
     0 | D:1      | Reached XP level 1. HP: 20/20 MP: 1/1
    35 | D:1      | Reached XP level 2. HP: 24/27 MP: 2/2
    94 | D:2      | Reached skill level 3 in Axes
   119 | D:2      | Reached XP level 3. HP: 21/33 MP: 3/3
   373 | D:4      | Noticed a phantom
   417 | D:4      | Killed a phantom
   417 | D:4      | Reached skill level 4 in Axes
   417 | D:4      | Reached XP level 4. HP: 33/42 MP: 4/4
   417 | D:4      | Reached XP level 5. HP: 38/49 MP: 5/5
   928 | D:4      | Found an iron altar of Okawaru.
  1081 | D:5      | Entered Level 5 of the Dungeon
  1089 | D:5      | Reached XP level 6. HP: 46/56 MP: 4/4
  1224 | D:5      | Noticed a sky beast
  1247 | D:5      | Killed a sky beast
  1247 | D:5      | Reached skill level 5 in Axes
  1281 | D:5      | Noticed an ice beast
  1300 | D:5      | Killed an ice beast
  1300 | D:5      | Reached XP level 7. HP: 54/64 MP: 4/4
  1348 | D:5      | Reached skill level 5 in Armour
  1348 | D:5      | Reached skill level 5 in Shields
  1492 | D:5      | Reached skill level 6 in Axes
  1496 | D:5      | Reached skill level 1 in Evocations
  2107 | D:6      | Found a staircase to the Ecumenical Temple.
  2176 | D:6      | Reached XP level 8. HP: 56/73 MP: 6/6
  2194 | Temple   | Entered the Ecumenical Temple
  2241 | Temple   | Became a worshipper of Makhleb the Destroyer
  2362 | D:6      | Found a shadowy altar of Dithmenos.
  2463 | D:6      | Found a sacrificial altar of Ru.
  2546 | D:6      | Reached skill level 7 in Axes
  2546 | D:6      | Reached skill level 1 in Invocations
  2690 | D:6      | Found a hazy altar of Hepliaklqana.
  3003 | D:7      | Reached skill level 5 in Fighting
  3011 | D:7      | Reached * piety under Makhleb
  3034 | D:7      | Found a shattered altar of Ashenzari.
  3069 | D:7      | Gained mutation: You passively map the area around you.
                  | [Deep Dwarf growth]
  3069 | D:7      | Reached XP level 9. HP: 33/81 MP: 4/6
  3076 | D:7      | Reached skill level 8 in Axes
  3164 | D:7      | Noticed TrebMcFLY's ghost (novice VSAs)
  3278 | D:7      | Found a runed translucent gate.
  3279 | D:7      | Found a runed translucent gate.
  3280 | D:7      | Found a runed translucent gate.
  3305 | D:7      | Found an opulent altar of Gozag.
  3423 | D:7      | Found a flagged portal.
  3467 | Bailey   | Entered a bailey
  3583 | D:8      | Reached skill level 5 in Evocations
  3671 | D:8      | Reached ** piety under Makhleb
  3696 | D:8      | Reached skill level 9 in Axes
  3747 | D:8      | Reached skill level 5 in Invocations
  3770 | D:8      | Reached XP level 10. HP: 44/91 MP: 6/6
  3950 | D:8      | Found a staircase to the Lair.
  4422 | Lair:1   | Entered Level 1 of the Lair of Beasts
  4468 | Lair:1   | Reached *** piety under Makhleb
  4537 | Lair:1   | Noticed Joseph
  4561 | Lair:1   | Killed Joseph
  4572 | Lair:1   | Noticed a spiny frog
  4580 | Lair:1   | Killed a spiny frog
  4580 | Lair:1   | Reached skill level 10 in Axes
  5321 | Lair:2   | Noticed Erica
  5329 | Lair:2   | Killed Erica
  5392 | Lair:2   | Noticed a spiny frog
  5409 | Lair:2   | Killed a spiny frog
  5469 | Lair:2   | Noticed a spiny frog
  5480 | Lair:2   | Killed a spiny frog
  5482 | Lair:2   | Reached XP level 11. HP: 99/99 MP: 7/7
  5865 | Lair:3   | Found a gate leading to a gauntlet.
  5883 | Lair:3   | Reached skill level 11 in Axes
  5887 | Gauntlet | Entered a Gauntlet
  5887 | Gauntlet | Found a transporter.
  5897 | Gauntlet | Found a transporter.
  5912 | Gauntlet | Found a transporter.
  5917 | Gauntlet | Found a transporter.
  5931 | Gauntlet | Noticed a dire elephant
  5932 | Gauntlet | Found a transporter.
  5951 | Gauntlet | Found a transporter.
  5955 | Gauntlet | Noticed a thrashing horror
  5963 | Gauntlet | Found a transporter.
  5969 | Gauntlet | Found a transporter.
  5969 | Gauntlet | Noticed a death drake
  5984 | Gauntlet | Found a transporter.
  5990 | Gauntlet | Found a transporter.
  5997 | Gauntlet | Noticed a five-headed hydra
  6005 | Gauntlet | Found a transporter.
  6006 | Gauntlet | Noticed a large abomination
  6011 | Gauntlet | Found a transporter.
  6026 | Gauntlet | Found a transporter.
  6030 | Gauntlet | Noticed a thrashing horror
  6043 | Gauntlet | Found a transporter.
  6082 | Gauntlet | Found a transporter.
  6107 | Gauntlet | Noticed a fire crab
  6110 | Gauntlet | Found a transporter.
  6110 | Gauntlet | Found a transporter.
  6130 | Gauntlet | Found a transporter.
  6157 | Gauntlet | Killed a fire crab
  6304 | Gauntlet | Killed a thrashing horror
  6325 | Gauntlet | Got a shimmering granite ring
  6327 | Gauntlet | Identified the cursed ring "Rufoufos" {rElec AC-4 Stlth+}
                  | (You found it in a Gauntlet)
  6346 | Gauntlet | Noticed a minotaur
  6363 | Gauntlet | Killed a minotaur
  6475 | Lair:3   | Gained mutation: Scrolls take you a little longer to read.
                  | [potion of mutation]
  6475 | Lair:3   | Gained mutation: You have sharp toenails. [potion of
                  | mutation]
  6475 | Lair:3   | Gained mutation: You are robust. (+10% HP) [potion of
                  | mutation]
  6552 | Lair:3   | Found a staircase to the Snake Pit.
  6563 | Lair:3   | Reached **** piety under Makhleb
  6567 | Lair:3   | Lost mutation: You are robust. (+10% HP) [potion of
                  | mutation]
  6567 | Lair:3   | Lost mutation: Scrolls take you a little longer to read.
                  | [potion of mutation]
  6567 | Lair:3   | Gained mutation: You are agile. (Dex +2) [potion of
                  | mutation]
  6567 | Lair:3   | Gained mutation: Your muscles are strong. (Str +2) [potion
                  | of mutation]
  6567 | Lair:3   | Gained mutation: You possess an exceptional clarity of
                  | mind. [potion of mutation]
  6646 | Lair:3   | Reached skill level 12 in Axes
  6760 | Lair:3   | Noticed Urug
  6783 | Lair:3   | Killed Urug
  7183 | Lair:3   | Noticed an ice dragon
  7201 | Lair:3   | Killed an ice dragon
  7201 | Lair:3   | Reached XP level 12. HP: 86/110 MP: 2/2
  7514 | Lair:4   | Noticed a four-headed hydra
  7532 | Lair:4   | Noticed a ghost moth
  7532 | Lair:4   | a 13-headed hydra changed into a ghost moth
  7539 | Lair:4   | Killed a ghost moth
  8082 | Lair:4   | Found a staircase to the Swamp.
  8106 | Lair:4   | Reached ***** piety under Makhleb
  8106 | Lair:4   | Reached skill level 13 in Axes
  8185 | Lair:4   | Reached skill level 10 in Shields
  8227 | Lair:5   | Found a staircase to the Slime Pits.
  8293 | Lair:5   | Noticed a four-headed hydra
  8299 | Lair:5   | Killed a five-headed hydra
  8299 | Lair:5   | Reached skill level 10 in Armour
  8380 | Lair:5   | Noticed an alligator
  8388 | Lair:5   | Killed an alligator
  8399 | Lair:5   | Noticed an alligator
  8402 | Lair:5   | Reached skill level 10 in Invocations
  8408 | Lair:5   | Killed an alligator
  9163 | Lair:6   | Entered Level 6 of the Lair of Beasts
  9301 | Lair:6   | Reached XP level 13. HP: 120/120 MP: 4/4
  9312 | Lair:6   | Found an ancient bone altar of Kikubaaqudgha.
  9925 | Lair:6   | Reached skill level 14 in Axes
  9943 | Lair:6   | Mangled by a death yak

Illustrated notes

Levels and vault maps discovered:
D:1:      heliophobic_arrival_glass_houses, layout_rooms, minmay_tetromino_o4
D:2:      layout_basic, kiku_gazebo_garden_becter, okawaru_trees_2
D:3:      kennysheep_the_goblin_king, layout_basic, uniq_terence, uniq_natasha,
          uniq_jessica
D:4:      corexii_shack_village, layout_loops_ring, kennysheep_little_box,
          serial_bayou, serial_bayou_pond_c, serial_bayou_lagoon_b,
          serial_bayou_shore_b, serial_bayou_shore_b, serial_bayou_pond_d,
          serial_bayou_pond_a
D:5:      minmay_clustersquares, layout_loops_ring, first_ration
D:6:      layout_loops_ring, nicolae_overflow_crystal_walls, marbit_many_paths,
          minmay_temple_entry_gardened_gates, nicolae_ru_sacrificial_ziggurat
D:7:      layout_rooms, ashenzari_conservatory_becter, enter_bailey_7,
          gammafunk_ghost_split, nicolae_gozag_cash_rules_everything_around_me
D:8:      layout_loops_cross, grunt_lair_entry_orc_guard_hut
D:9:      layout_loops_corners, old_standard_altar, minitemple, erik_orc_3,
          hangedman_fish_farm
Temple:   cyrus_circular_temple
Lair:1:   layout_cave_pods, kennysheep_rathole, uniq_joseph
Lair:2:   layout_chaotic_city, uniq_erica
Lair:3:   dragon1_lemuel, layout_gridlike, dummy_snake_entry,
          gauntlet_entry_generic, special_room [special_room_bee],
          grunt_megastairs_1, uniq_urug
Lair:4:   wander_river, layout_long_grid, nicolae_swamp_entry_splash_gauntlet
Lair:5:   onia_ninara_swampy_vault, layout_regular_city, slime_dummy
Lair:6:   grunt_lair_end_beastmaster, layout_cave_pods, lemuel_oklob_altar,
          grunt_megastairs_2

Skill      XL: |  1  2  3  4  5  6  7  8  9 10 11 12 13 |
---------------+----------------------------------------+-----
Axes           | 3 4 5 6 7 9 10 12 13 14 | 14.0
Fighting       | 3 4 5 6 7 8 9 |  9.0
Armour         | 4 5 6 7 8 9 10 | 10.6
Shields        | 4 5 6 7 8 9 10 | 10.7
Evocations     | 2 4 5 6 |  6.0
Invocations    | 3 5 7 8 10 | 10.7

Action                   |  1- 3 |  4- 6 |  7- 9 | 10-12 | 13-15 || total
-------------------------+-------+-------+-------+-------+-------++-------
Melee: War axe           |   106 |   141 |   439 |   715 |    80 ||  1481
Invok: Minor Destruction |       |       |       |     1 |       ||     1
       Lesser Servant of |       |       |       |     4 |       ||     4
 Abil: Heal Wounds       |     2 |     7 |    14 |    27 |     1 ||    51
Evoke: Wand              |       |       |       |     2 |       ||     2
  Use: Scroll            |       |       |    10 |    15 |       ||    25
       Potion            |       |       |       |     7 |       ||     7
 Stab: Paralysed         |       |       |       |    10 |       ||    10
       Confused          |       |       |       |     7 |       ||     7
       Petrified         |       |       |       |     4 |    10 ||    14
       Petrifying        |       |       |       |     1 |     3 ||     4
  Eat: Chunk             |       |     2 |     9 |    15 |     2 ||    28
       Ration            |       |       |       |     1 |       ||     1
Armor: Scale mail        |    38 |    52 |    39 |       |       ||   129
       Chain mail        |       |       |   278 |     5 |       ||   283
       Plate armour      |       |       |       |   432 |    41 ||   473
Dodge: Dodged            |    23 |    49 |   155 |   215 |     5 ||   447
Block: Kite shield       |    39 |    71 |   370 |   533 |       ||  1013
       Reflection        |       |       |     3 |     8 |       ||    11
       Tower shield      |       |       |       |   217 |    73 ||   290
